cohdb
Replays
Latest Replays
All Replays
Popular Replays
Top Player Replays
Match Explorer
How It Works
Community
CoH3 Stats
Reddit
Sign in to upload your games and track your stats! →
Sign in with Steam
Match 39969121
Unlisted
Match 39969121
Overview
Messages
Build Orders
End
Kettenkrad Recon Vehicle
Construct Infanterie Kompanie
MG 42 Machine Gun Team
GrW 34 Mortar Team
Selects Terror Battlegroup
Selects Machine Gun Camouflage
Grenadier Squad
Selects Contempt for the Weak
GrW 34 Mortar Team
Construct Panzergrenadier Kompanie
ValiantHawk
=[TLKDC]=TheLizardKingDC
Shai-Los Pollos Hermanos
Clavis
Hunter™
szwed
Dark Angels
Tirant
0
0
Comments
sign in to comment!
No comments posted yet!